 Dungeon Crawl Stone Soup version 0.20.1-4-g4af34eaf8e (webtiles) character file.

707 Alfie the Archer (level 7, 0/88 HPs)
             Began as a Minotaur Hunter on Feb 26, 2020.
             Succumbed to a worker ant's poison
             ... on level 4 of the Dungeon.
             The game lasted 00:07:53 (2065 turns).

Alfie the Archer (Minotaur Hunter)                  Turns: 2065, Time: 00:07:53

Health: 0/88       AC: 23    Str: 19    XL:     7   Next: 39%
Magic:  6/6        EV:  2    Int:  8    God:
Gold:   159        SH:  0    Dex: 10    Spells: 6/6 levels left

rFire    . . .     SeeInvis .   b - +2 short sword
rCold    . . .     Gourm    .   (no shield)
rNeg     + + +     Faith    .   (armour currently unavailable)
rPois    +         Spirit   .   (helmet currently unavailable)
rElec    .         Reflect  .   (cloak currently unavailable)
rCorr    .         Harm     .   (gloves currently unavailable)
MR       .....     NoTele   +   (boots currently unavailable)
Stlth    ++........             (no amulet)
Regen    0.3/turn               (no ring)
MPRegen  0.1/turn               (no ring)

@: lethally poisoned (0 -> -5), tree-form
A: (retaliatory headbutt), MP-powered wands
a: no special abilities


You were on level 4 of the Dungeon.
You were not hungry.
You were a tree.
You visited 1 branch of the dungeon, and saw 4 of its levels.

You collected 159 gold pieces.

Inventory:

Hand Weapons
 a - a +3 shortbow
 b - a +2 short sword (weapon)
Missiles
 d - 80 arrows
 h - 5 tomahawks (quivered)
Armour
 c - a +0 leather armour (melded)
 o - a +0 pair of boots (melded)
Jewellery
 p - an uncursed amulet of magic regeneration
Potions
 m - a potion of ambrosia
Comestibles
 f - 5 bread rations
 g - 2 meat rations
 l - 12 fruits


   Skills:
 + Level 4.1 Fighting
 + Level 1.3 Short Blades
 + Level 8.3 Bows
 + Level 3.6 Armour
 + Level 2.6 Dodging
 + Level 1.3 Stealth


You had 6 spell levels left.
You didn't know any spells.

Dungeon Overview and Level Annotations

Branches:
Dungeon (4/15)
 Temple: D:4-7

Altars:
Nemelex Xobeh

Annotations:
D:3 2 transporters, Crazy Yiuf


Innate Abilities, Weirdness & Mutations

((You reflexively headbutt those who attack you in melee.))
((You have a pair of horns on your head.))
((Your flesh is cold resistant. (rC+)))
You expend magic power (3 MP) to strengthen your wands.


Message History

You feel sick.
* * * LOW HITPOINT WARNING * * *
You feel sick.
* * * LOW HITPOINT WARNING * * *
You feel sick.
* * * LOW HITPOINT WARNING * * *
You feel sick.
* * * LOW HITPOINT WARNING * * *
You feel sick.
* * * LOW HITPOINT WARNING * * *
You feel sick.
* * * LOW HITPOINT WARNING * * *
You feel sick.
* * * LOW HITPOINT WARNING * * *
You feel sick.
* * * LOW HITPOINT WARNING * * *
You feel sick.
* * * LOW HITPOINT WARNING * * *
You feel sick.
You die...

.........##.#
.........##.# . ##
.......<...#.# .. ..
....(........ ...###.
#.###..#..#.# . .....
#............ ...#...
#.#.#..†.#..#
.......######...#........
(((.(..(♣....##..........
.......#####.##..........
####.#. #.##........>. ..
..#####.##.......... ...
a..#.......#......... (.
.).##.#............... .
###. #.####.......#####
## #.####.......#
#.#..#.......#


There were no monsters in sight!

Vanquished Creatures
  Grinder (D:3)
  A water moccasin (D:4)
  Purgy (D:3)
  An orc priest (D:4)
  An iguana (D:4)
  2 orc wizards (D:4)
  3 worker ants (D:4)
  4 gnolls (D:2)
  4 adders
  2 leopard geckos
  3 orcs
  3 bats
  A giant cockroach (D:3)
  3 hobgoblins
  7 kobolds
  2 quokkas (D:3)
  4 frilled lizards
  6 goblins
  3 rats (D:2)
52 creatures vanquished.

Notes
Turn   | Place    | Note
-------+----------+-------------------------------------------
     0 | D:1      | Alfie the Minotaur Hunter began the quest for the Orb.
     0 | D:1      | Reached XP level 1. HP: 18/18 MP: 0/0
   445 | D:2      | Reached skill level 5 in Bows
   445 | D:2      | Reached XP level 2. HP: 14/25 MP: 1/1
   453 | D:2      | Reached skill level 1 in Armour
   454 | D:2      | Reached XP level 3. HP: 18/30 MP: 2/2
  1123 | D:3      | Reached XP level 4. HP: 37/37 MP: 3/3
  1175 | D:3      | Noticed Grinder
  1177 | D:3      | Paralysed by Grinder for 7 turns
  1201 | D:3      | Paralysed by Grinder for 5 turns
  1207 | D:3      | Paralysed by Grinder for 4 turns
  1213 | D:3      | Paralysed by Grinder for 2 turns
  1215 | D:3      | Killed Grinder
  1215 | D:3      | Reached skill level 7 in Bows
  1215 | D:3      | Reached skill level 1 in Stealth
  1215 | D:3      | Reached XP level 5. HP: 31/45 MP: 4/4
  1215 | D:3      | Reached XP level 6. HP: 36/51 MP: 5/5
  1217 | D:3      | Found a sparkling altar of Nemelex Xobeh.
  1287 | D:3      | Noticed Purgy
  1294 | D:3      | Killed Purgy
  1366 | D:3      | Found a faded altar of an unknown god.
  1485 | D:3      | Found a transporter.
  1628 | D:3      | Found a transporter.
  1739 | D:3      | Found a runed door.
  1811 | D:3      | Noticed Crazy Yiuf
  1870 | D:4      | Reached skill level 8 in Bows
  1877 | D:4      | Reached XP level 7. HP: 38/58 MP: 6/6
  2043 | D:4      | Reached skill level 1 in Short Blades
  2053 | D:4      | Gained mutation: You expend magic power (3 MP) to strengthen your wands. [potion of mutation]
  2053 | D:4      | Gained mutation: Your flesh is cold resistant. (rC+) [potion of mutation]
  2059 | D:4      | HP: 4/88 [poisoned by a worker ant]
  2062 | D:4      | HP: 1/88 [poisoned by a worker ant]
  2065 | D:4      | Succumbed to a worker ant's poison

Skill      XL: |  1  2  3  4  5  6  7 |
---------------+----------------------+-----
Bows           | 5 7 8 |  8.3
Armour         | 1 2 3 |  3.6
Fighting       | 3 4 |  4.1
Stealth        | 1 |  1.3
Short Blades   | 1 |  1.3
Dodging        | |  2.6

Action                   |  1- 3 |  4- 6 |  7- 9 || total
-------------------------+-------+-------+-------++-------
Melee: Short sword       |       |     9 |    19 ||    28
       Headbutt          |       |     1 |     1 ||     2
 Fire: Shortbow          |    60 |    62 |    15 ||   137
Throw: Tomahawk          |       |       |     2 ||     2
  Use: Scroll            |     4 |     3 |     1 ||     8
       Potion            |       |     1 |     5 ||     6
  Eat: Royal jelly       |       |     2 |       ||     2
Armor: Leather armour    |     3 |     4 |     4 ||    11
Dodge: Dodged            |    15 |    27 |    12 ||    54
